 Dungeon Crawl Stone Soup version bcrawl-1.21.3 (webtiles) character file.

Game seed: 3440702979761869096

37799 funkygono the Eclecticist (level 13, -3/74 HPs)
             Began as a Fairy Conjurer on Apr 5, 2020.
             Was a High Priest of Sif Muna.
             Killed by divine providence
             ... invoked by an orc priest
              (10 damage)
             ... in the Orcish Mines.
             The game lasted 01:06:39 (16765 turns).

funkygono the Eclecticist (Fairy Conjurer)         Turns: 16765, Time: 01:06:39

Health: -3/74      AC: 13    Str:  6    XL:     13   Next: 99%
Magic:  1/43       EV: 22    Int: 23    God:    Sif Muna [*****.]
Gold:   1542       SH:  7    Dex: 14    Spells: 12/43 levels left

rFire    . . .     SeeInvis .   M - staff of conjuration
rCold    . . .     Gourm    .   (shield currently unavailable)
rNeg     + . .     Faith    .   (armour unavailable)
rPois    .         Spirit   .   i - +1 helmet
rElec    .         Reflect  .   v - +2 cloak
rCorr    .         Harm     .   (no gloves)
MR       +....                  K - +0 pair of boots
Stlth    +.........             E - amulet of the acrobat
HPRegen  0.22/turn              w - ring of positive energy
MPRegen  0.28/turn              y - ring of magical power

@: flying evasively
A: small, magic attunement, unstealthy, unfitting armour, able to fly, AC/SH +7
a: Stop Flying, Divine Energy, Channel Magic, Forget Spell, Renounce Religion


You were in the Orcish Mines.
You worshipped Sif Muna.
Sif Muna was extremely pleased with you.
You were hungry.

You visited 4 branches of the dungeon, and saw 16 of its levels.

You collected 1542 gold pieces.

Inventory:

Hand Weapons
 h - a +1 short sword of draining
 u - a +3 quarterstaff of chaos
 B - the +8 dagger of Mastery {protect, Int+7}
   (You found it on level 7 of the Dungeon)

   It grants its wielder temporary protection when it strikes (+7 to AC).
   It affects your intelligence (+7).
Missiles
 c - 2228 stones (quivered)
Armour
 i - a +1 helmet (worn)
 s - a +0 hat
 v - a +2 cloak (worn)
 K - a +0 pair of boots (worn)
Magical Staves
 D - an uncursed staff of death
 M - an uncursed staff of conjuration (weapon)
Jewellery
 o - an uncursed ring of stealth
 q - a +5 ring of dexterity
 t - an uncursed ring of see invisible
 w - a ring of positive energy (left hand)
 y - a ring of magical power (right hand)
 E - an amulet of the acrobat (around neck)
 I - an uncursed ring of wizardry
Wands
 d - a wand of enslavement (19)
 L - a wand of digging (11)
Scrolls
 g - 8 scrolls of remove curse
 k - 2 scrolls of blinking
 n - 4 scrolls of fear
 p - 8 scrolls of teleportation
 r - 5 scrolls of identify
 F - a scroll of enchant weapon
 G - 2 scrolls of magic mapping
Potions
 a - a potion of experience
 f - 3 potions of haste
 j - 2 potions of ambrosia
 l - 5 potions of might
 m - 5 potions of curing
 x - 2 potions of mutation
 z - 4 potions of berserk rage
 A - 2 potions of flight
 C - 2 potions of agility
 H - a potion of invisibility
 J - 4 potions of brilliance
Miscellaneous
 O - a lamp of fire
Comestibles
 e - 29 rations {!d}


   Skills:
 + Level 2.1 Fighting
 + Level 0.1 Staves
 + Level 8.4 Dodging
 + Level 3.5 Stealth
   Level 4.1 Shields
 + Level 15.9 Spellcasting
 + Level 13.6 Conjurations
 + Level 7.3 Fire Magic
 + Level 6.8 Ice Magic
 + Level 6.8 Air Magic
 + Level 5.4 Earth Magic
 + Level 8.8 Poison Magic


You had 12 spell levels left.
You knew the following spells:

 Your Spells              Type           Power        Failure   Level  Hunger
a - Magic Dart            Conj           ####         0%          1    None
b - Searing Ray           Conj           #######.     1%          2    None
c - Iskenderun's Mystic   Conj           #######.     1%          3    None
d - Conjure Flame         Conj/Fire      #######.     1%          3    None
e - Mephitic Cloud        Conj/Pois/Air  #######.     1%          3    None
f - Olgreb's Toxic Radia  Pois           ######..     1%          4    None
g - Stone Arrow           Conj/Erth      ######       1%          3    None
h - Sandblast             Erth           #####.       1%          1    None
i - Bolt of Cold          Conj/Ice       #######...   7%          6    None
j - Fireball              Conj/Fire      #######...   1%          5    None

Your spell library contained the following spells:

 Spells                   Type           Power        Failure   Level  Hunger
 Shock                    Conj/Air       #####        1%          1    None
 Sting                    Conj/Pois      ####         1%          1    None
 Ensorcelled Hibernation  Hex/Ice        ####..       1%          2    None
 Passwall                 Tmut/Erth      ####....     1%          2    None
 Poisonous Vapours        Pois/Air       ######       1%          2    None
 Throw Frost              Conj/Ice       ######       1%          2    None
 Dazzling Spray           Conj/Hex       ######       1%          3    None
 Ignite Poison            Fire/Tmut/Pois #####...     1%          3    None
 Inner Flame              Hex/Fire       N/A          1%          3    None
 Spider Form              Tmut/Pois      ###          1%          3    None
 Fulminant Prism          Conj/Hex       ######....   1%          4    None
 Sticky Flame             Conj/Fire      #######.     1%          4    None
 Lightning Bolt           Conj/Air       #######...   1%          5    None
 Venom Bolt               Conj/Pois      #######...   1%          5    None
 Ozocubu's Armour         Chrm/Ice       ####....     2%          3    None
 Bolt of Magma            Conj/Fire/Erth ######....   2%          5    None
 Corona                   Hex            ###....      3%          1    None
 Infusion                 Chrm           ###.....     3%          1    None
 Blink                    Tloc           N/A          4%          2    None
 Call Imp                 Summ           ###...       4%          2    None
 Corpse Rot               Necr           N/A          4%          2    None
 Shackle                  Hex            ###.....     4%          2    None
 Song of Slaying          Chrm           ###.....     4%          2    None
 Sticks to Snakes         Tmut           ###.....     4%          2    None
 Sublimation of Blood     Necr           ###.......   4%          2    None
 Summon Scorpions         Summ/Pois      #####...     4%          4    None
 Bolt of Draining         Conj/Necr      ######....   5%          5    None
 Irradiate                Conj/Tmut      ######....   5%          5    None
 Iskenderun's Battlesphe  Conj/Chrm      ######..     5%          5    None
 Bolt of Fire             Conj/Fire      #######...   6%          6    None
 Ice Form                 Ice/Tmut       ####....     8%          4    None
 Summon Ice Beast         Ice/Summ       ####....     8%          4    None
 Lee's Rapid Deconstruct  Erth           #####.....   9%          5    None
 Confuse                  Hex            ###.....     10%         3    None
 False Image              Hex/Summ       ###.....     10%         3    None
 Regeneration             Chrm/Necr      ###.......   10%         3    None
 Spectral Weapon          Hex/Chrm       ###.....     10%         3    None
 Tukima's Dance           Hex            ###.....     10%         3    None
 Petrify                  Tmut/Erth      ####....     10%         4    None
 Iron Shot                Conj/Erth      #######...   10%         6    None
 Orb of Destruction       Conj           #######...   10%         7    None
 Metabolic Englaciation   Hex/Ice        ####......   22%         5    None
 Freezing Cloud           Ice/Air        #####.....   28%         6    None
 Ozocubu's Refrigeration  Ice            #####.....   28%         6    None
 Cause Fear               Hex            ###.......   30%         4    None
 Yara's Violent Unravell  Hex/Tmut       ###.......   30%         4    None
 Icicle Burst             Conj/Ice       #######...   36%         7    None
 Agony                    Necr           ###.....     65%         5    None
 Dispel Undead            Necr           ###.....     65%         5    None
 Steam Barrier            Chrm/Fire      #####.....   71%         6    None
 Simulacrum               Ice/Necr       ####......   75%         6    None
 Statue Form              Tmut/Erth      ####.....    83%         6    None
 Mana Rupture             Conj/Hex       ######....   85%         7    None
 Spellforged Servitor     Conj/Summ      ######....   85%         7    None
 Chain Lightning          Conj/Air       #######...   96%         8    None
 Death Channel            Chrm/Necr      ###.......   99%         6    None
 Shadow Creatures         Summ           N/A          99%         6    None
 Ignition                 Fire           ######....   100%        8    None
 Necromutation            Tmut/Necr      ###.....     100%        8    None
 Dragon's Call            Summ           ###.......   100%        9    None
 Fire Storm               Conj/Fire      #######...   100%        9    None
 Shatter                  Erth           #####.....   100%        9    None
 Tornado                  Air            #####.....   100%        9    None


Dungeon Overview and Level Annotations

Branches:
Dungeon (9/12)             Temple (1/1) D:5            Lair (5/6) D:9
  Swamp (0/3) Lair:2       Spider (0/3) Lair:3          Orc (1/1) D:8
  Slime: Lair:5-6       Elf: Orc:1

Altars:
Ashenzari
Cheibriados
Dithmenos
Elyvilon
Fedhas
Gozag
Hepliaklqana
Kikubaaqudgha
Lugonu
Makhleb
Nemelex Xobeh
Okawaru
Qazlal
Ru
Sif Muna
Trog
Uskayaw
Vehumet
Wu Jian
Xom
Yredelemnul
Zin
The Shining One

Shops:
D:4 [   D:9 [   Orc *

Annotations:
Lair:2 exclusion: rime drake


Innate Abilities, Weirdness & Mutations

Your spells do not cause hunger and MP costs are reduced by 1.
Your bright wings attract enemies. (Stealth-)
You cannot fit into any form of body armour.
Your shimmering scales are hard and can block incoming attacks. (AC +7, SH +7)
You are small and have problems with some larger weapons.
You can fly continuously.


Message History

An orc priest comes into view.
An orc high priest comes into view. It is wielding a +0 short sword.
The orc knight barely misses you.
All of the chunks of flesh in your inventory have rotted away.
Casting: Searing Ray (safe; 1% risk of failure)
Confirm with . or Enter, or press ? or * to list all spells.
Aiming: Magic Dart (safe; 0% risk of failure)
Press: ? - help, Shift-Dir - straight line, f/p - orc warlord
Aim: an orc warlord, wielding a +1 battleaxe of freezing and wearing a +0 plate armour (almost dead, unusually strong, poisoned)
You feel a surge of power!
The magic dart hits the orc warlord but does no damage.
The orc warlord is almost dead.
The orc high priest invokes the aid of Beogh against you.
Beogh smites you!
* * * LOW HITPOINT WARNING * * *
The orc knight hits you with a +0 dire flail.
* * * LOW HITPOINT WARNING * * *
The orc priest mumbles some strange prayers to Beogh against you.
Beogh smites you!
You die...

#. ### ))). #. # .))) o))). o..o{
..)oo)
##########...oo############ #
#............)ooo.........# #
..............oo@........# #
................o........##
#.........................#### #
#.........................#..## #
..............................###
................#............#.#.
.................................
................#............#.#.
.................#..............#


You could see an orc warlord, 3 orc knights, 2 orc high priests, an orc warrior,
4 orc priests and 2 orcs.

Vanquished Creatures
  Erolcha (D:9)
  6 hydras
  2 orc high priests (Orc)
  The ghost of janekpiasek the Transmogrifier, a novice OpTm of Okawaru (D:8)
  4 orc sorcerers (Orc)
  15 elephants
  Maurice (D:9)
  2 black mambas
  A centaur skeleton (D:9)
  6 cane toads
  2 rime drakes
  A demonic crawler (Lair:3)
  A komodo dragon (Lair:1)
  2 trolls (D:9)
  Grinder (D:4)
  A hornet (D:7)
  A polar bear (Lair:5)
  16 blink frogs
  6 hippogriffs
  6 dream sheep (Lair:5)
  20 yaks
  A fire elemental (Lair:5)
  Menkaure (D:6)
  A soldier ant (D:9)
  A warg (Lair:1)
  8 crocodiles
  4 water moccasins
  3 porcupines
  15 orc warriors
  A phantom (D:9)
  3 ice beasts
  A sky beast (D:5)
  25 wolves
  5 black bears
  A necrophage (D:6)
  2 ogres (Orc)
  A boggart (D:8)
  3 centaurs
  12 bullfrogs
  Blork the orc (D:4)
  A water moccasin zombie (D:8)
  2 scorpions
  3 killer bees (D:7)
  6 crimson imps
  9 electric eels
  A bullfrog zombie (D:5)
  4 centaur zombies
  A lava snake (Lair:5)
  9 hounds
  2 jellies
  19 orc priests
  Crazy Yiuf (D:4)
  A gnoll shaman (D:8)
  3 bullfrog skeletons
  29 orc wizards
  Jessica (D:2)
  Terence (D:2)
  5 iguanas
  9 worker ants
  Natasha (thrice) (D:4)
  A hound zombie (D:9)
  2 hound skeletons
  A worker ant zombie (D:6)
  Robin (D:2)
  9 adders
  10 gnolls
  A shadow imp (D:5)
  A white imp (D:4)
  An ooze (D:4)
  An adder skeleton (D:8)
  5 worms
  4 dart slugs
  5 leopard geckos
  59 orcs
  2 ball pythons
  3 bats (D:1)
  13 goblins
  11 hobgoblins
  2 jackals (D:4)
  4 quokkas
  5 frilled lizards
  9 kobolds
  A quokka skeleton (D:4)
  5 rats
  2 fungi
  A plant (Lair:3)
454 creatures vanquished.

Vanquished Creatures (others)
  A fire vortex (Lair:5)
  8 fungi
  2 plants
11 creatures vanquished.

Grand Total: 465 creatures vanquished

Notes
Turn   | Place    | Note
-------+----------+-------------------------------------------
     0 | D:1      | funkygono the Fairy Conjurer began the quest for the Orb.
     0 | D:1      | Reached XP level 1. HP: 11/11 MP: 6/6
    13 | D:1      | Reached skill level 5 in Conjurations
    43 | D:1      | Reached XP level 2. HP: 17/17 MP: 7/7
   476 | D:1      | Reached XP level 3. HP: 21/21 MP: 9/9
   487 | D:1      | Learned a level 2 spell: Searing Ray
   491 | D:1      | Learned a level 3 spell: Iskenderun's Mystic Blast
   563 | D:2      | Found a glowing golden altar of the Shining One.
   565 | D:2      | Reached skill level 3 in Spellcasting
   566 | D:2      | Found a snail-covered altar of Cheibriados.
   566 | D:2      | Found a sparkling altar of Nemelex Xobeh.
   567 | D:2      | Found a shimmering blue altar of Sif Muna.
   578 | D:2      | Became a worshipper of Sif Muna the Loreminder
   890 | D:2      | Noticed Terence
   897 | D:2      | Killed Terence
   897 | D:2      | Reached XP level 4. HP: 27/27 MP: 4/11
  1147 | D:2      | Noticed Robin
  1162 | D:2      | Killed Robin
  1183 | D:2      | Reached * piety under Sif Muna
  1282 | D:2      | Noticed Jessica
  1284 | D:2      | Killed Jessica
  1284 | D:2      | Reached skill level 4 in Spellcasting
  1284 | D:2      | Reached XP level 5. HP: 31/31 MP: 9/13
  1408 | D:2      | Received a gift from Sif Muna
  1534 | D:3      | Found a basalt altar of Yredelemnul.
  1577 | D:3      | Learned a level 3 spell: Conjure Flame
  1581 | D:3      | Learned a level 3 spell: Mephitic Cloud
  1596 | D:3      | Reached skill level 1 in Air Magic
  1661 | D:3      | Reached XP level 6. HP: 36/36 MP: 9/14
  1670 | D:3      | Reached skill level 1 in Poison Magic
  1882 | D:3      | Found a white marble altar of Elyvilon.
  2290 | D:4      | Noticed Natasha
  2295 | D:4      | Killed Natasha
  2449 | D:4      | Reached skill level 1 in Fire Magic
  2512 | D:4      | Reached XP level 7. HP: 41/41 MP: 12/16
  2636 | D:4      | Noticed Grinder
  2647 | D:4      | Paralysed by Grinder for 2 turns
  2656 | D:4      | Killed Grinder
  2656 | D:4      | Reached skill level 5 in Spellcasting
  2919 | D:4      | Noticed Natasha
  2927 | D:4      | Killed Natasha
  2943 | D:4      | Reached XP level 8. HP: 47/47 MP: 7/18
  3037 | D:4      | Noticed Natasha
  3043 | D:4      | Killed Natasha
  3081 | D:4      | Noticed Blork the orc
  3097 | D:4      | Killed Blork the orc
  3102 | D:4      | Found Gisongo's Antique Armour Boutique.
  3191 | D:4      | Found a runed door.
  3195 | D:4      | Noticed Crazy Yiuf
  3199 | D:4      | Killed Crazy Yiuf
  3294 | D:4      | Reached ** piety under Sif Muna
  3482 | D:4      | Received a gift from Sif Muna
  3526 | D:5      | Entered Level 5 of the Dungeon
  3538 | D:5      | Reached skill level 6 in Spellcasting
  4008 | D:5      | Reached skill level 1 in Fighting
  4758 | D:5      | Reached XP level 9. HP: 45/53 MP: 11/21
  4955 | D:5      | Found a staircase to the Ecumenical Temple.
  4969 | Temple   | Entered the Ecumenical Temple
  5203 | D:5      | Learned a level 4 spell: Olgreb's Toxic Radiance
  5351 | D:6      | Received a gift from Sif Muna
  5351 | D:6      | Reached skill level 7 in Spellcasting
  5357 | D:6      | Learned a level 3 spell: Stone Arrow
  5359 | D:6      | Learned a level 1 spell: Sandblast
  5471 | D:6      | Reached skill level 5 in Poison Magic
  5579 | D:6      | Noticed Menkaure
  5585 | D:6      | Killed Menkaure
  5585 | D:6      | Reached skill level 5 in Fire Magic
  5970 | D:6      | Found a bloodstained altar of Trog.
  6010 | D:6      | Reached skill level 1 in Earth Magic
  6519 | D:7      | Found an ornate altar of the Wu Jian Council.
  6637 | D:7      | Reached skill level 5 in Air Magic
  6646 | D:7      | Noticed a hornet
  6656 | D:7      | Killed a hornet
  6656 | D:7      | Reached skill level 8 in Spellcasting
  6656 | D:7      | Reached skill level 10 in Conjurations
  6971 | D:7      | Identified the Catalogue of Gliding Transmigration
  7131 | D:7      | Got a smoking dagger
  7254 | D:8      | Found a radiant altar of Vehumet.
  7308 | D:8      | Reached XP level 10. HP: 58/58 MP: 24/24
  7389 | D:8      | Found a staircase to the Orcish Mines.
  7432 | D:8      | Received a gift from Sif Muna
  7447 | D:8      | Reached skill level 9 in Spellcasting
  7644 | D:8      | Found a large runed translucent door.
  7645 | D:8      | Found a large runed translucent door.
  7652 | D:8      | Noticed janekpiasek's ghost (novice OpTm)
  7663 | D:8      | Killed janekpiasek's ghost
  7663 | D:8      | Reached skill level 1 in Shields
  7961 | D:8      | Learned a level 6 spell: Bolt of Cold
  8032 | D:8      | Found a shattered altar of Ashenzari.
  8115 | D:8      | Found a shadowy altar of Dithmenos.
  8287 | D:8      | Found a blossoming altar of Fedhas.
  8472 | D:8      | Identified the +8 dagger of Mastery {protect, Int+7} (You
                  | found it on level 7 of the Dungeon)
  8584 | D:9      | Reached skill level 1 in Ice Magic
  8585 | D:9      | Reached skill level 5 in Dodging
  8627 | D:9      | Reached skill level 10 in Spellcasting
  8636 | D:9      | Reached *** piety under Sif Muna
  8726 | D:9      | Noticed Erolcha
  8749 | D:9      | Killed Erolcha
  8749 | D:9      | Reached skill level 5 in Earth Magic
  8749 | D:9      | Reached XP level 11. HP: 48/63 MP: 15/27
  8767 | D:9      | Identified Aqalidoe's Tome of Confrontation (Sif Muna
                  | gifted it to you on level 9 of the Dungeon)
  8767 | D:9      | Received a gift from Sif Muna
  9029 | D:9      | Found a staircase to the Lair.
  9142 | D:9      | Found a glowing silver altar of Zin.
  9250 | D:9      | Found a sacrificial altar of Ru.
  9314 | D:9      | Noticed Maurice
  9326 | D:9      | Killed Maurice
  9377 | D:9      | Reached skill level 11 in Spellcasting
  9444 | D:9      | Found Heokhuxt's Armour Boutique.
  9908 | D:9      | Learned a level 5 spell: Fireball
  9937 | Lair:1   | Entered Level 1 of the Lair of Beasts
  9958 | Lair:1   | Noticed a seven-headed hydra
  9966 | Lair:1   | Killed a seven-headed hydra
 10272 | Lair:1   | Identified Sif Muna's Compendium of Calling and the Blaze
                  | (Sif Muna gifted it to you on level 1 of the Lair of
                  | Beasts)
 10272 | Lair:1   | Received a gift from Sif Muna
 10272 | Lair:1   | Reached **** piety under Sif Muna
 10342 | Lair:1   | Reached XP level 12. HP: 69/69 MP: 21/29
 10391 | Lair:1   | Reached skill level 5 in Ice Magic
 10395 | Lair:1   | Reached skill level 12 in Spellcasting
 10395 | Lair:1   | Noticed a seven-headed hydra
 10406 | Lair:1   | Killed a seven-headed hydra
 10871 | Lair:1   | Noticed a six-headed hydra
 10878 | Lair:1   | Killed a six-headed hydra
 11758 | Lair:2   | Found a staircase to the Swamp.
 11932 | Lair:2   | Got a smoking long sword
 12030 | Lair:2   | Identified Enewkino's Reference Book on Creative Aid (Sif
                  | Muna gifted it to you on level 2 of the Lair of Beasts)
 12030 | Lair:2   | Received a gift from Sif Muna
 12174 | Lair:2   | Noticed a seven-headed hydra
 12181 | Lair:2   | Killed a seven-headed hydra
 12181 | Lair:2   | Reached skill level 13 in Spellcasting
 12398 | Lair:2   | Identified the +6 long sword of Midsummer {vamp, +Rage}
                  | (You found it on level 2 of the Lair of Beasts)
 12448 | D:9      | Noticed a centaur warrior
 12691 | Lair:3   | Reached ***** piety under Sif Muna
 12879 | Lair:3   | Reached XP level 13. HP: 73/73 MP: 23/32
 12892 | Lair:3   | Reached skill level 14 in Spellcasting
 13158 | Lair:3   | Received a gift from Sif Muna
 13452 | Lair:3   | Found a hole to the Spider Nest.
 14670 | Lair:4   | Reached skill level 15 in Spellcasting
 15109 | Lair:5   | Identified Sif Muna's Guide on the Dusty Glacier (Sif Muna
                  | gifted it to you on level 5 of the Lair of Beasts)
 15109 | Lair:5   | Received a gift from Sif Muna
 16332 | Orc      | Entered the Orcish Mines
 16651 | Orc      | Found Ibat's Assorted Antiques.
 16736 | Orc      | Noticed an orc warlord
 16765 | Orc      | Killed from afar by an orc priest

Skill      XL: |  1  2  3  4  5  6  7  8  9 10 11 12 13 |
---------------+----------------------------------------+-----
Conjurations   | 5 6 7 8 9 10 11 12 13 | 13.6
Spellcasting   | 3 4 5 6 8 10 11 13 15 | 15.9
Dodging        | 3 4 5 6 7 8 |  8.4
Stealth        | 2 3 |  3.5
Air Magic      | 2 3 4 5 6 |  6.8
Poison Magic   | 2 3 4 5 6 7 8 |  8.8
Fire Magic     | 1 2 3 5 6 7 |  7.3
Fighting       | 1 2 |  2.1
Earth Magic    | 2 5 |  5.4
Shields        | 1 2 4 |  4.1
Ice Magic      | 3 4 6 |  6.8
Staves         | |  0.1

Action                   |  1- 3 |  4- 6 |  7- 9 | 10-12 | 13-15 || total
-------------------------+-------+-------+-------+-------+-------++-------
Melee: Dagger            |       |     1 |     1 |       |       ||     2
       Quarterstaff      |       |       |     1 |       |       ||     1
       Staff             |       |       |       |     1 |       ||     1
 Cast: Magic Dart        |    56 |   110 |   167 |   374 |   116 ||   823
       Searing Ray       |     3 |     9 |    19 |    42 |    22 ||    95
       Iskenderun's Myst |     1 |    16 |    36 |    50 |    15 ||   118
       Mephitic Cloud    |       |     7 |    13 |    37 |    23 ||    80
       Conjure Flame     |       |     1 |     7 |    12 |     1 ||    21
       Sandblast         |       |       |     9 |    11 |     1 ||    21
       Olgreb's Toxic Ra |       |       |     5 |    18 |    22 ||    45
       Stone Arrow       |       |       |     1 |     3 |       ||     4
       Fireball          |       |       |       |    13 |    23 ||    36
       Bolt of Cold      |       |       |       |     8 |    10 ||    18
  Use: Scroll            |     4 |     5 |     6 |     8 |     4 ||    27
       Potion            |       |       |       |       |     1 ||     1
  Eat: Chunk             |       |     5 |     7 |     8 |     3 ||    23
       Ration            |       |       |     2 |     3 |     2 ||     7
Armor: Skin              |     1 |     3 |    19 |    27 |    13 ||    63
Dodge: Dodged            |     8 |    23 |    50 |   175 |   123 ||   379
Block: Other             |     3 |     8 |    13 |    29 |    34 ||    87
       Medium shield     |       |       |       |   118 |       ||   118
